 Dungeon Crawl Stone Soup version 0.21-a0-2-ge494091 (webtiles) character file.

160294 Angani the Rapturous (level 17, 0/77 HPs)
             Began as a Vine Stalker Fighter on May 22, 2017.
             Was an Elder of Uskayaw.
             Killed from afar by a wretched star (7 damage)
             ... with an orb of energy
             ... on level 2 of the Abyss.
             The game lasted 01:26:03 (23494 turns).

Angani the Rapturous (Vine Stalker Fighter)        Turns: 23494, Time: 01:26:04

Health: 0/77       AC: 21    Str: 22    XL:     17   Next: 76%
Magic:  0/23       EV:  9    Int:  6    God:    Uskayaw [****..]
Gold:   2469       SH:  8    Dex: 12    Spells: 16/16 levels left

rFire    + . .     SeeInvis .   V - +5 rapier (flame)
rCold    . . .     Gourm    .   N - +3 warlock's mirror {reflect}
rNeg     + + .     Faith    .   d - +1 plate armour {rN+}
rPois    .         Spirit   +   v - +2 hat
rElec    .         Reflect  +   (no cloak)
rCorr    .         Harm     .   D - +2 pair of gloves
MR       ++...     Clarity  +   c - +2 pair of boots Stlth ..........Rnd*Tele +
                                (no amulet)
Regen    1.1/turn               G - ring of protection from fire
MPRegen  0.2/turn               t - ring of positive energy

@: very slightly contaminated
A: claws 1, fangs 3, slimy green scales 1, yellow scales 1, [blurry vision 3],
clarity, clever 1, [clumsy 1], [deformed body], deterioration 1[+1], [dopey 2],
[frail 2], low mp 1[+2], regeneration 2, robust 1, [screaming 3], [teleportitis
2], [weak 2], magic shield, antimagic bite, no potion heal 3, rot immunity,
[subdued magic 3], [MP-powered wands]
a: Stomp, Line Pass, Renounce Religion


You were on level 2 of the Abyss.
You worshipped Uskayaw.
Uskayaw was greatly pleased with you.
You were not hungry.

You visited 5 branches of the dungeon, and saw 25 of its levels.
You visited the Abyss 1 time.
You also visited: Ossuary and Bailey.

You collected 3047 gold pieces.
You spent 578 gold pieces at shops.

Inventory:

Hand Weapons
 V - a +5 rapier of flaming (weapon)
Armour
 c - a +2 pair of boots (worn)
 d - a +1 plate armour of positive energy (worn)
 v - a +2 hat (worn)
 D - a +2 pair of gloves (worn)
 N - the +3 warlock's mirror (worn) {reflect}
   (You found it on level 11 of the Dungeon)
Jewellery
 b - an uncursed ring of magical power
 l - an uncursed ring of ice
 t - a ring of positive energy (right hand)
 G - a ring of protection from fire (left hand)
 M - an uncursed ring of see invisible
Wands
 a - a wand of lightning (0/15)
 p - a wand of digging (2/24)
 s - a wand of polymorph (9/24)
 R - a wand of disintegration (2/24)
 X - a wand of scattershot (0/9)
Scrolls
 g - 5 scrolls of remove curse
 h - 3 scrolls of immolation
 i - 7 scrolls of teleportation
 k - 5 scrolls of amnesia
 r - a scroll of torment
 w - 6 scrolls of magic mapping
 x - a scroll of fear
 y - 4 scrolls of blinking
 I - 3 scrolls of silence
 L - a scroll of holy word
 T - a scroll of enchant armour
 Y - 2 scrolls of recharging
Potions
 e - 2 potions of might
 j - 3 potions of brilliance
 n - a potion of agility
 o - 2 potions of berserk rage
 q - 10 potions of heal wounds
 z - a potion of ambrosia
 C - 10 potions of curing
 E - 5 potions of flight
 F - 4 potions of lignification
 H - 4 potions of magic
 K - 2 potions of invisibility
 O - 3 potions of haste
 P - 2 potions of resistance
Comestibles
 f - 21 bread rations
 m - 19 fruits
 u - 29 royal jellies
 J - 5 meat rations


   Skills:
 - Level 8.5 Fighting
 + Level 12.1 Short Blades
 - Level 6.0 Armour
 - Level 6.2 Dodging
 - Level 10.4 Stealth
 - Level 5.3 Shields
 * Level 20.9 Invocations


You had 16 spell levels left.
You didn't know any spells.

Dungeon Overview and Level Annotations

Branches:
Dungeon (15/15)            Temple (1/1) D:5            Lair (6/6) D:11
  Swamp (0/4) Lair:2       Spider (0/4) Lair:4          Orc (2/2) D:9
    Elf (1/3) Orc:2        Vaults (0/5) D:14         Depths (0/5) D:15
  Slime: Lair:5-6

Altars:
Ashenzari
Cheibriados
Dithmenos
Fedhas
Gozag
Hepliaklqana
Kikubaaqudgha
Makhleb
Nemelex Xobeh
Qazlal
Ru
Sif Muna
Uskayaw
Vehumet
Wu Jian
Xom
Yredelemnul
Zin
The Shining One
Beogh

Shops:
D:8 (   Orc:2 !::[

Annotations:
Lair:5 exclusion: 3 oklob plants


Innate Abilities, Weirdness & Mutations

You have razor-sharp teeth.
You heal very quickly.
When hurt, damage is shared between your health and your magic reserves.
Your bite disrupts and absorbs the magic of your enemies.
Potions cannot restore your health.
You are immune to rotting.
You have sharp fingernails.
You are partially covered in slimy green scales. (AC +2)
You are partially covered in yellow scales. (AC +2)
You possess an exceptional clarity of mind.
Your mind is acute. (Int +2)
You are robust. (+10% HP)
[Scrolls take you much longer to read.]
[You are clumsy. (Dex -2)]
[Armour fits poorly on your strangely shaped body.]
[Your body often deteriorates upon taking damage.]
[You are very dopey. (Int -4)]
[You are very frail. (-20% HP)]
[Your magical capacity is extremely low. (-30% MP)]
[You frequently scream uncontrollably at your foes.]
[You are sometimes teleported next to monsters.]
[You are very weak. (Str -4)]
[Your spells are much easier to cast, but much less powerful.]
[You expend magic power (3 MP) to strengthen your wands.]


Message History

The orb of energy hits you!
* * * LOW HITPOINT WARNING * * *
The orb of energy explodes!
The mystic blast hits the thrashing horror.
The thrashing horror is destroyed!
Unknown command.
You scream at the large abomination!
A large abomination comes into view.
You feel yourself slow down.
You hear a roar!
You hear a shout!
The wretched star glows turbulently.
The orb of energy hits you!
* * * LOW HITPOINT WARNING * * *
The orb of energy explodes!
Unknown command.
You hit the wretched star. Your bite misses the wretched star.
The wretched star is lightly damaged.
The wretched star glows turbulently.
The orb of energy hits you!
You die...

. . #.. ..#.# #..
.#### .... #.. ..#
.. .#.#.#.# #.# .
. ## ##..###..# #.
# .#.##.##....# .
# .#...#..#.# # .
..#........#####.#
#...#...........#
#....#..#@.###..#
. .##.#.*##....#
#. # ##.X#.#..#..#
# ..# ##§.# ..# #
# .#.# .§#. ##..#
# .. § .. .. ## ..
.# §.#.§ .# .#. .
.... .# . #.
#..##. # # ..


You could see a wretched star and a large abomination.

Vanquished Creatures
  Rupert (D:15)
  A tentacled starspawn (Abyss:2)
  Frances (D:12)
  Agnes (D:14)
  Kirke (D:15)
  An orc warlord (D:9)
  Louise (D:15)
  A deep elf elementalist (Elf:1)
  2 stone giants (Orc:1)
  The ghost of defa the Devastator, a journeyman DECj (D:15)
  A deep elf death mage (Elf:1)
  A fire dragon (Lair:6)
  Erolcha (Orc:2)
  5 hydras
  2 catoblepae
  3 centaur warriors
  A vault guard (D:14)
  6 death yaks (Lair:4)
  5 two-headed ogres
  2 dancing weapons (Elf:1)
  2 ogre magi (Orc:2)
  A vampire mage (D:15)
  A tengu warrior (D:15)
  An orc high priest (Orc:1)
  A storm dragon zombie (D:15)
  2 thrashing horrors (Abyss:2)
  Nergalle (Lair:4)
  2 wretched stars (Abyss:2)
  A slime creature (D:13)
  2 deep elf knights (Elf:1)
  2 skeletal warriors (D:15)
  2 unseen horrors
  14 wizards
  The ghost of sour the Spear-Bearer, a novice DsMo (D:7)
  2 lindwurms (Lair:6)
  5 deep elf archers (Elf:1)
  2 orc knights (Orc:1)
  4 necromancers
  7 ugly things
  6 cyclopes
  9 orc sorcerers
  20 deep elf magi
  3 elephants (Lair:4)
  A manticore (D:11)
  Maurice (Orc:1)
  An iron dragon skeleton (D:15)
  4 black mambas
  5 torpor snails (Lair:6)
  A smoke demon (Abyss:2)
  12 spiny frogs
  6 gargoyles
  An apocalypse crab (Abyss:2)
  2 efreet (D:15)
  5 komodo dragons
  6 large abominations
  A rime drake (Lair:4)
  A spriggan skeleton (D:15)
  5 yaktaurs (D:15)
  A tormentor (Abyss:2)
  An ancient zyme (Abyss:2)
  3 tengu conjurers
  10 polar bears
  A queen bee (Lair:4)
  5 trolls
  3 meliai (Lair:4)
  3 tyrant leeches (Lair:6)
  2 raiju (Lair:6)
  2 blink frogs (Lair:4)
  7 hornets (Lair:6)
  7 hippogriffs
  Sigmund (D:2)
  3 redbacks (Lair:4)
  An ice dragon skeleton (D:15)
  A spriggan (shapeshifter) (D:15)
  6 spriggans (Lair:1)
  A shadow (D:8)
  2 wyverns
  An air elemental (Elf:1)
  14 yaks
  A wraith (D:13)
  2 vampires
  A hog (D:15)
  17 humans (D:14)
  2 hungry ghosts
  8 basilisks
  7 vampire mosquitoes
  Grum (D:8)
  3 swamp worms (Lair:2)
  Edmund (D:5)
  6 wargs
  19 water moccasins
  2 acid dragons (D:12)
  9 porcupines
  15 hell hounds (Lair:6)
  4 sky beasts
  34 orc warriors
  12 black bears
  7 ice beasts
  8 ogres
  A phantom (D:6)
  26 wolves
  9 centaurs
  2 big kobolds
  12 crocodiles
  An elf zombie (Elf:1)
  20 bullfrogs
  A gnoll sergeant (D:9)
  An earth elemental (Elf:1)
  2 wyvern skeletons
  3 scorpions
  15 wights
  31 killer bees (Lair:4)
  9 howler monkeys
  An electric eel (Lair:2)
  16 crimson imps
  2 bullfrog zombies
  A quasit (D:10)
  6 hounds
  16 orc priests
  44 orc wizards
  2 bullfrog skeletons
  2 centaur skeletons
  5 jellies
  Ijyb (D:3)
  Jessica (D:2)
  3 hell rats (Lair:4)
  Natasha (twice) (D:4)
  2 iguanas
  13 worker ants
  A howler monkey zombie (D:11)
  2 mummies (Ossuary)
  2 worker ant zombies
  9 adders
  9 gnolls
  8 river rats (Lair:4)
  2 shadow imps
  3 adder skeletons
  2 worms
  2 leopard geckos
  69 orcs
  A ball python (D:2)
  9 bats
  6 giant cockroaches
  9 hobgoblins
  7 jackals
  16 kobolds
  4 quokkas
  4 frilled lizards
  A gnoll skeleton (Ossuary)
  3 gnoll zombies (Ossuary)
  9 goblins
  2 goblin skeletons (Ossuary)
  A goblin zombie (Ossuary)
  2 hobgoblin skeletons (Ossuary)
  4 hobgoblin zombies (Ossuary)
  3 kobold skeletons (Ossuary)
  4 kobold zombies (Ossuary)
  2 leopard gecko zombies
  An orc skeleton (Ossuary)
  2 orc zombies (Ossuary)
  2 quokka skeletons
  9 rats
  4 rat skeletons (Ossuary)
  A rat zombie (Ossuary)
  2 plants (Lair:6)
882 creatures vanquished.

Vanquished Creatures (others)
  A thrashing horror (Abyss:2)
  An unseen horror (D:12)
  An orange demon (Abyss:2)
  2 humans (D:15)
  A basilisk (Lair:5)
  Menkaure (Ossuary)
  A mummy (Ossuary)
  3 gnoll zombies (Ossuary)
  A gnoll skeleton (Ossuary)
  2 goblin zombies (Ossuary)
  3 hobgoblin skeletons (Ossuary)
  3 hobgoblin zombies (Ossuary)
  4 kobold skeletons (Ossuary)
  2 orc skeletons (Ossuary)
  2 orc zombies (Ossuary)
  2 rat skeletons (Ossuary)
  8 fungi
  21 plants
  3 starspawn tentacles (Abyss:2)
  2 withered plants (D:15)
64 creatures vanquished.

Grand Total: 946 creatures vanquished

Notes
Turn   | Place    | Note
-------+----------+-------------------------------------------
     0 | D:1      | Angani the Vine Stalker Fighter began the quest for the Orb.
     0 | D:1      | Reached XP level 1. HP: 11/11 MP: 2/2
   127 | D:1      | Reached XP level 2. HP: 16/16 MP: 3/3
   569 | D:1      | Reached XP level 3. HP: 19/19 MP: 4/4
  1051 | D:2      | Found a shimmering altar of Xom.
  1076 | D:2      | Gained mutation: Your natural rate of healing is unusually fast. [Vine Stalker growth]
  1076 | D:2      | Reached XP level 4. HP: 23/23 MP: 5/5
  1104 | D:2      | Noticed Sigmund
  1129 | D:2      | Killed Sigmund
  1129 | D:2      | Reached skill level 5 in Short Blades
  1129 | D:2      | Reached XP level 5. HP: 26/27 MP: 6/6
  1184 | D:2      | Noticed Jessica
  1189 | D:2      | Killed Jessica
  1189 | D:2      | Reached XP level 6. HP: 32/32 MP: 7/7
  1593 | D:3      | Found a burning altar of Makhleb.
  1597 | D:3      | Noticed a cacodemon
  2043 | D:3      | Noticed Ijyb
  2073 | D:3      | Killed Ijyb
  2931 | D:4      | Reached XP level 7. HP: 35/35 MP: 8/8
  2936 | D:4      | Noticed Natasha
  2947 | D:4      | Killed Natasha
  3103 | D:4      | Noticed Natasha
  3112 | D:4      | Killed Natasha
  3136 | D:5      | Entered Level 5 of the Dungeon
  3496 | D:5      | Gained mutation: You have razor-sharp teeth. [Vine Stalker growth]
  3496 | D:5      | Reached XP level 8. HP: 39/39 MP: 9/9
  3845 | D:6      | Reached skill level 10 in Short Blades
  3993 | D:6      | Reached XP level 9. HP: 20/45 MP: 5/10
  4183 | D:7      | Reached skill level 5 in Fighting
  4214 | D:7      | Found an ornate altar of the Wu Jian Council.
  4231 | D:7      | Found a sand-covered staircase.
  4237 | Ossuary  | Entered an ossuary
  4455 | Ossuary  | Killed Menkaure
  4523 | D:7      | Noticed sour's ghost (novice DsMo)
  4535 | D:7      | Killed sour's ghost
  4575 | D:7      | Found a flagged portal.
  4585 | Bailey   | Entered a bailey
  5545 | D:5      | Found a staircase to the Ecumenical Temple.
  5545 | D:5      | Noticed Edmund
  5553 | Temple   | Entered the Ecumenical Temple
  5631 | Temple   | Became a worshipper of Uskayaw the Reveler
  5645 | Temple   | Reached * piety under Uskayaw
  5646 | Temple   | Reached XP level 10. HP: 35/57 MP: 11/11
  5716 | D:5      | Killed Edmund
  5716 | D:5      | Reached skill level 1 in Invocations
  5752 | D:5      | Reached ** piety under Uskayaw
  5755 | D:5      | Reached skill level 2 in Invocations
  5757 | D:5      | Reached *** piety under Uskayaw
  5799 | D:5      | Reached skill level 3 in Invocations
  5841 | D:5      | Gained mutation: You heal very quickly. [potion of mutation]
  5841 | D:5      | Gained mutation: You have sharp fingernails. [potion of mutation]
  5841 | D:5      | Gained mutation: [Your body sometimes deteriorates upon taking damage.] [potion of mutation]
  5841 | D:5      | Gained mutation: Your mind is acute. (Int +2) [potion of mutation]
  5933 | D:5      | Gained mutation: [Your spells are a little easier to cast, but a little less powerful.] [mutagenic meat]
  5934 | D:5      | Gained mutation: You possess an exceptional clarity of mind. [mutagenic meat]
  5935 | D:5      | Gained mutation: [Your magical capacity is low. (-10% MP)] [mutagenic meat]
  5936 | D:5      | Gained mutation: You are robust. (+10% HP) [mutagenic meat]
  5938 | D:5      | Gained mutation: You are partially covered in slimy green scales. (AC +2) [mutagenic meat]
  6099 | D:8      | Reached skill level 4 in Invocations
  6104 | D:8      | Reached **** piety under Uskayaw
  6111 | D:8      | Reached ***** piety under Uskayaw
  6186 | D:8      | Reached skill level 5 in Invocations
  6268 | D:8      | Noticed Grum
  6280 | D:8      | Reached skill level 6 in Invocations
  6303 | D:8      | Killed Grum
  6470 | D:8      | Killed an unseen horror
  6470 | D:8      | Reached skill level 7 in Invocations
  6551 | D:8      | Found Enaett's Antique Weapon Shop.
  6583 | D:8      | Reached skill level 8 in Invocations
  6801 | D:9      | Gained mutation: You are partially covered in yellow scales. (AC +2) [mutagenic meat]
  6805 | D:9      | Lost mutation: [Your spells are a little easier to cast, but a little less powerful.] [mutagenic meat]
  6824 | D:9      | Found a staircase to the Orcish Mines.
  6871 | D:9      | Noticed a two-headed ogre
  6872 | D:9      | a two-headed ogre changed into a snapping turtle
  7140 | D:9      | Noticed a two-headed ogre
  7153 | D:9      | Killed a two-headed ogre
  7153 | D:9      | Reached skill level 9 in Invocations
  7153 | D:9      | Reached XP level 11. HP: 34/66 MP: 14/17
  7336 | D:9      | Reached skill level 10 in Invocations
  7663 | D:10     | Entered Level 10 of the Dungeon
  7779 | D:10     | Reached skill level 1 in Dodging
  8303 | D:11     | Found a staircase to the Lair.
  8434 | D:11     | Noticed a six-headed hydra
  8458 | D:11     | Killed a six-headed hydra
  8467 | D:11     | Noticed a purple ugly thing
  8562 | D:11     | Noticed a two-headed ogre
  8570 | D:11     | Killed a two-headed ogre
  8570 | D:11     | Reached skill level 11 in Invocations
  8597 | D:11     | Killed a purple ugly thing
  8603 | D:11     | Reached ****** piety under Uskayaw
  8693 | D:11     | Noticed a wizard
  8698 | D:11     | Noticed a wizard
  8709 | D:11     | Killed a wizard
  8712 | D:11     | Noticed a wizard
  8712 | D:11     | Noticed a wizard
  8715 | D:11     | Killed a wizard
  8726 | D:11     | Killed a wizard
  8726 | D:11     | Reached skill level 12 in Invocations
  8726 | D:11     | Mutation became permanent: Your natural rate of healing is unusually fast. [Vine Stalker growth]
  8726 | D:11     | Gained mutation: You heal very quickly. [Vine Stalker growth]
  8726 | D:11     | Reached XP level 12. HP: 57/71 MP: 17/19
  8758 | D:11     | Noticed a two-headed ogre
  8762 | D:11     | Killed a two-headed ogre
  8905 | D:11     | Reached skill level 13 in Invocations
  9053 | D:11     | Identified the Tome of the Escort and Execration
  9425 | Lair:1   | Entered Level 1 of the Lair of Beasts
 10109 | Lair:1   | Reached skill level 14 in Invocations
 10763 | Lair:2   | Reached XP level 13. HP: 75/75 MP: 22/22
 10882 | Lair:2   | Found a staircase to the Swamp.
 12095 | Lair:4   | Found a hole to the Spider Nest.
 12121 | Lair:4   | Found a stormy altar of Qazlal.
 12151 | Lair:4   | Reached skill level 5 in Armour
 12151 | Lair:4   | Reached skill level 15 in Invocations
 12602 | Lair:4   | Reached skill level 5 in Dodging
 12792 | Lair:4   | Noticed Nergalle
 12860 | Lair:4   | Killed Nergalle
 13414 | Lair:4   | Reached skill level 16 in Invocations
 13459 | Lair:4   | Reached XP level 14. HP: 49/81 MP: 24/24
 14603 | Lair:6   | Entered Level 6 of the Lair of Beasts
 14975 | Lair:6   | Reached skill level 17 in Invocations
 15196 | Lair:6   | Paralysed by a hornet for 3 turns
 15824 | Lair:6   | Found a runed door.
 15834 | Lair:6   | Paralysed by a hornet for 2 turns
 16009 | Lair:6   | Reached skill level 5 in Shields
 16988 | D:12     | Reached skill level 1 in Stealth
 17179 | D:12     | Noticed Frances
 17195 | D:12     | Killed Frances
 17482 | D:13     | Reached XP level 15. HP: 82/85 MP: 26/26
 17483 | D:13     | Reached XP level 16. HP: 88/90 MP: 27/27
 17511 | D:13     | Reached skill level 18 in Invocations
 18181 | D:14     | Found a gate to the Vaults.
 18612 | D:14     | Noticed Agnes
 18620 | D:14     | Killed Agnes
 18620 | D:14     | Reached skill level 10 in Stealth
 19049 | D:15     | Entered Level 15 of the Dungeon
 19076 | D:15     | Found a staircase to the Depths.
 19122 | D:15     | Noticed defa's ghost (journeyman DECj)
 19128 | D:15     | Noticed Louise
 19147 | D:15     | Killed defa's ghost
 19286 | D:15     | Killed Louise
 19337 | D:15     | Reached skill level 19 in Invocations
 19427 | D:15     | Noticed Rupert
 19560 | D:15     | Paralysed by Rupert for 6 turns
 19604 | D:15     | Killed Rupert
 19745 | D:15     | Noticed Kirke
 19758 | D:15     | Killed Kirke
 20117 | Orc:1    | Entered Level 1 of the Orcish Mines
 20177 | Orc:1    | Noticed Maurice
 20187 | Orc:1    | Killed Maurice
 20222 | Orc:1    | Found a roughly hewn altar of Beogh.
 20857 | Orc:1    | Found a roughly hewn altar of Beogh.
 20861 | Orc:1    | Reached XP level 17. HP: 83/94 MP: 24/28
 21195 | Orc:2    | Entered Level 2 of the Orcish Mines
 21243 | Orc:2    | Found a staircase to the Elven Halls.
 21633 | Orc:2    | Found Doodeo's Antique Armour Shoppe.
 21652 | Orc:2    | Found Kur Yre's Distillery.
 21685 | Orc:2    | Found an ancient bone altar of Kikubaaqudgha.
 21704 | Orc:2    | Reached skill level 20 in Invocations
 21713 | Orc:2    | Found Tatec's Book Emporium.
 21724 | Orc:2    | Noticed Erolcha
 21753 | Orc:2    | Killed Erolcha
 21762 | Orc:2    | Found a radiant altar of Vehumet.
 21781 | Orc:2    | Found a roughly hewn altar of Beogh.
 21781 | Orc:2    | Found Doas's Book Emporium.
 22120 | Orc:2    | Bought a potion of haste for 170 gold pieces
 22120 | Orc:2    | Bought a potion of haste for 170 gold pieces
 22120 | Orc:2    | Bought a potion of might for 68 gold pieces
 22120 | Orc:2    | Bought a potion of curing for 51 gold pieces
 22120 | Orc:2    | Bought a potion of curing for 51 gold pieces
 22120 | Orc:2    | Bought a potion of might for 68 gold pieces
 22190 | Elf:1    | Entered Level 1 of the Elven Halls
 22241 | Elf:1    | Found a radiant altar of Vehumet.
 22704 | Elf:1    | Identified Roysugu's Collected Works on Darkness
 23223 | Elf:1    | Cast into level 2 of the Abyss (a deep elf sorcerer)
 23342 | Abyss:2  | Noticed a tentacled starspawn
 23353 | Abyss:2  | Killed a tentacled starspawn
 23465 | Abyss:2  | Paralysed by you for 6 turns
 23494 | Abyss:2  | Killed from afar by a wretched star

Vault maps used:
D:1:      dpeg_arrival_lava_temple_mockup
D:2:      first_bread, serial_forest, infiniplex_forest_clump_double,
          infiniplex_forest_lined_3, infiniplex_forest_lined_room_2,
          infiniplex_forest_lined_4_way, infiniplex_forest_clump_curved,
          infiniplex_forest_lined_room_3, infiniplex_forest_fountain,
          infiniplex_forest_end_1, infiniplex_forest_end_2,
          infiniplex_forest_clump_double, mrwooster_statue_mirror,
          lemuel_tele_altar, uniq_sigmund, uniq_jessica
D:3:      st_stairs_1, grunt_ministairs_10, makhleb_altar_promises_db, uniq_ijyb
D:4:      st_stairs_14, minmay_crystal_room, roderic_roman_lattice, uniq_natasha
D:5:      kb_forest_paths, minmay_temple_entry_purple_smoke, uniq_edmund
D:6:      minmay_unpleasant_kobolds
D:7:      kennysheep_mini_moat, lightli_ossuary_entry_decrepit_ruins,
          enter_bailey_8
D:8:      minmay_cut_squares, nicolae_overflow_hidden_temple, serial_shops,
          nicolae_shop_trees, uniq_grum
D:9:      cheibrodos_statue_roulette, orc_0_dummy
D:11:     minmay_smoke_and_mirrors, lair_entry_dummy
D:12:     serial_glass, glass_columns_a, glass_columns_a, glass_columns_c,
          glass_columns_b, glass_columns_a, glass_columns_c, glass_columns_b,
          glass_columns_b, glass_columns_a, glass_columns_c, glass_columns_a,
          glass_columns_a, glass_columns_b, glass_columns_a, uniq_frances
D:14:     grunt_vaults_entry_tiered, minivault_11, uniq_agnes
D:15:     gammafunk_depths_entry_grave, hangedman_decor_lopped, uniq_rupert,
          uniq_louise, uniq_kirke
Temple:   nicolae_temple_no_exploring_needed
Lair:1:   wad_woods_01, grunt_megastairs_3, lemuel_fruit_fields
Lair:2:   nicolae_swamp_entry_splash_gauntlet, lemuel_fruit_tree,
          grunt_megastairs_4, infiniplex_staircase_pool, lemuel_fruit_fields
Lair:4:   regret_index_tunnel_blossom, spider_nest_entry_webs, basic_altar,
          kennysheep_rathole, uniq_nergalle
Lair:5:   minmay_slime_entry_oklob_enclosed
Lair:6:   hangedman_lair_caniforms_friends, wormcave,
          infiniplex_staircase_pool_2, grunt_megastairs_2
Orc:1:    orc_temple, basic_altar, uniq_maurice
Orc:2:    kennysheep_orc_mage_school
Elf:1:    eino_elf_arrival_altar, minmay_elf_necromancy,
          nicolae_elf_big_sculpture_1, serial_sigils_hangedman_etch
Ossuary:  ossuary_due_pyramid
Bailey:   bailey_polearm_4, bailey

Skill      XL: |  1  2  3  4  5  6  7  8  9 10 11 12 13 14 15 16 17 |
---------------+----------------------------------------------------+-----
Short Blades   | 2 3 5 6 8 10 12 | 12.1
Fighting       | 3 8 |  8.5
Invocations    | 9 12 14 16 17 19 20 | 20.9
Dodging        | 3 4 6 |  6.2
Shields        | 4 5 |  5.3
Armour         | 3 5 6 |  6.0
Stealth        | 3 8 10 | 10.4

Action                   |  1- 3 |  4- 6 |  7- 9 | 10-12 | 13-15 | 16-18 || total
-------------------------+-------+-------+-------+-------+-------+-------++-------
Melee: Rapier            |    88 |   118 |   433 |   772 |  1326 |  1239 ||  3976
       Bite              |    21 |    37 |   153 |   321 |   543 |   482 ||  1557
Invok: Grand Finale      |       |       |       |       |     1 |       ||     1
Evoke: Wand              |       |     1 |    24 |     5 |     3 |    11 ||    44
  Use: Potion            |       |     2 |     1 |     3 |     2 |     1 ||     9
       Scroll            |       |       |    20 |     6 |    18 |     7 ||    51
 Stab: Confused          |       |       |     3 |       |       |       ||     3
       Paralysed         |       |       |       |    23 |    63 |    89 ||   175
       Petrified         |       |       |       |       |    11 |       ||    11
       Petrifying        |       |       |       |       |     2 |       ||     2
  Eat: Chunk             |     1 |     4 |    10 |    27 |    21 |     8 ||    71
       Fruit             |       |       |     1 |       |    12 |    10 ||    23
       Bread ration      |       |       |       |       |       |     1 ||     1
Armor: Plate armour      |    46 |    58 |   174 |   347 |   724 |   542 ||  1891
Dodge: Dodged            |    11 |     8 |    36 |   106 |   456 |   350 ||   967
Block: Shield            |    40 |    36 |   129 |   188 |       |       ||   393
       Buckler           |       |       |       |    53 |   469 |   335 ||   857
       Reflection        |       |       |       |       |    13 |    29 ||    42
